Map: [ESL] Tropical Sacrifice

Players

trigger - Winner!

  • Race: Protoss Protoss
  • League: Master
  • Spawn Location: 7:00

NightMare

  • Race: Protoss Protoss
  • League: Master
  • Spawn Location: 1:00

Event: TSL 9

VOD

Have the link to the VOD?

Description

Time

  • Played on: July 31, 2022, 10:37 a.m.
  • Length: 12:40

All games in this series

Show
View Real Time Build Order
Export as new Build Order

trigger Protoss - Winner!

Build Orders: 1 Gate Expand 

Get SALT Encoding   

  12  0:00  Probe  
  13  0:12  Probe  
  14  0:17  Pylon  
  14  0:24  Probe (Chrono Boost)  
  15  0:36  Probe (Chrono Boost)  
  15  0:41  Gateway  
  16  0:45  Probe (Chrono Boost)  
  16  0:47  Assimilator  
  17  0:51  Probe  
  18  1:03  Probe  
  19  1:21  Nexus  
  19  1:25  Probe  
  20  1:34  Cybernetics Core  
  20  1:37  Probe  
  21  1:45  Assimilator  
  21  1:49  Probe  
  22  1:54  Pylon  
  22  2:02  Probe  
  22  2:05  Warp Gate (Chrono Boost)  
  23  2:12  Stalker  
  23  2:14  Probe  
  26  2:21  Gateway  
  26  2:26  Probe  
  27  2:34  Robotics Facility  
  27  2:37  Probe  
  27  2:45  Probe  
  27  2:48  Stalker  
  27  2:51  Probe  
  31  3:00  Gateway  
  31  3:07  Shield Battery  
  31  3:12  Stalker  
  33  3:15  Probe  
  33  3:17  Probe  
  35  3:27  Probe  
  35  3:32  Immortal (Chrono Boost)  
  36  3:39  Probe (Chrono Boost)  
  36  3:40  Probe (Chrono Boost)  
  38  3:51  Probe (Chrono Boost)  
  38  3:53  Stalker  
  38  3:54  Probe (Chrono Boost)  
  42  3:56  Probe (Chrono Boost)  
  42  4:01  Stalker  
  45  4:07  Pylon  
  45  4:10  Probe  
  46  4:17  Pylon  
  46  4:25  Probe (Chrono Boost)  
  46  4:26  Twilight Council  
  46  4:27  Observer  
  46  4:28  Probe (Chrono Boost)  
  49  4:37  Probe (Chrono Boost)  
  51  4:42  Probe (Chrono Boost)  
  51  4:43  Probe (Chrono Boost), Stalker x2  
  56  4:48  Pylon  
  56  4:50  Probe  
  57  4:54  Probe  
  57  4:56  Pylon  
  58  5:00  Blink (Chrono Boost)  
  58  5:05  Probe  
  59  5:09  Stalker, Assimilator  
  59  5:10  Probe  
  59  5:14  Stalker  
  64  5:19  Stalker  
  66  5:27  Warp Prism  
  68  5:32  Probe  
  68  5:33  Probe  
  70  5:37  Stalker  
  70  5:41  Pylon  
  72  5:45  Probe x2  
  74  5:56  Nexus  
  75  5:57  Probe  
  75  5:59  Stalker  
  75  6:03  Stalker  
  79  6:09  Dark Shrine  
  79  6:12  Pylon  
  79  6:14  Probe  
  80  6:21  Probe  
  81  6:30  Stalker x2  
  81  6:32  Shield Battery  
  85  6:34  Pylon  
  85  6:36  Gateway  
  85  6:39  Gateway  
  85  6:44  Immortal (Chrono Boost)  
  85  6:53  Stalker  
  91  6:56  Stalker  
  91  6:58  Observer  
  91  6:59  Probe x2  
  95  7:03  Forge  
  95  7:13  Probe  
  92  7:16  Probe (Chrono Boost)  
  92  7:19  Probe (Chrono Boost)  
  92  7:21  Dark Templar x2  
  97  7:26  Charge (Chrono Boost)  
  99  7:30  Pylon  
  99  7:32  Protoss Ground Weapons Level 1 (Chrono Boost), Probe (Chrono Boost)  
  99  7:33  Probe (Chrono Boost)  
  99  7:34  Probe (Chrono Boost)  
  100  7:39  Dark Templar  
  100  7:41  Probe (Chrono Boost)  
  101  7:44  Observer  
  101  7:48  Gateway  
  100  7:55  Gateway  
  100  7:57  Gateway  
  100  7:58  Gateway  
  100  8:00  Gateway  
  100  8:01  Gateway  
  100  8:02  Gateway  
  99  8:10  Stalker x2  
  99  8:11  Zealot  
  105  8:18  Zealot  
  107  8:22  Pylon  
  107  8:23  Pylon  
  106  8:30  Immortal  
  106  8:33  Pylon  
  110  8:36  Zealot x3  
  110  8:39  Zealot  
  118  8:50  Zealot x2  
  118  8:51  Zealot  
  124  8:59  Zealot x7  
  136  9:10  Zealot  
  136  9:11  Zealot x3  
  130  9:20  Zealot x4  
  124  9:30  Observer  
  125  9:42  Protoss Ground Weapons Level 2 (Chrono Boost)  
  125  9:44  Nexus  
  125  9:51  Observer  
  125  9:52  Probe x3, Pylon  
  129  9:59  Assimilator  
  123  10:04  Probe x2, Assimilator  
  123  10:06  Zealot x8  
  139  10:15  Warp Prism (Chrono Boost)  
  139  10:20  Probe x2  
  143  10:24  Photon Cannon  
  143  10:26  Photon Cannon  
  143  10:37  Stalker x3  
  148  10:46  Dark Templar x3  
  128  10:57  Probe (Chrono Boost)  
  128  10:59  Probe x2 (Chrono Boost)  
  128  11:01  Probe (Chrono Boost)  
  130  11:10  Probe (Chrono Boost)  
  133  11:12  Dark Templar  
  133  11:15  Probe x2 (Chrono Boost)  
  133  11:18  Pylon  
  135  11:19  Probe (Chrono Boost)  
  135  11:20  Probe (Chrono Boost)  
  135  11:23  Probe (Chrono Boost)  
  138  11:27  Probe x2 (Chrono Boost)  
  138  11:29  Probe (Chrono Boost), Pylon  
  138  11:30  Dark Templar x4  
  147  11:33  Probe  
  147  11:38  Probe  
  149  11:42  Zealot x4  
  157  11:52  Zealot x3  
  163  11:54  Observer  
  163  12:07  Zealot x2  
  156  12:10  Photon Cannon  
  156  12:12  Observer  
  156  12:13  Photon Cannon  
Show
View Real Time Build Order
Export as new Build Order

NightMare Protoss 

Build Orders: Oracle Opening 

Get SALT Encoding   

  12  0:00  Probe  
  13  0:12  Probe  
  14  0:22  Pylon  
  14  0:24  Probe  
  15  0:40  Probe (Chrono Boost), Gateway  
  16  0:49  Probe (Chrono Boost), Assimilator  
  17  0:54  Probe (Chrono Boost)  
  18  1:00  Assimilator  
  18  1:06  Probe (Chrono Boost)  
  18  1:11  Gateway  
  19  1:15  Probe (Chrono Boost)  
  20  1:20  Probe (Chrono Boost)  
  21  1:28  Cybernetics Core  
  21  1:32  Probe  
  22  1:44  Probe  
  22  1:46  Pylon  
  23  2:04  Probe  
  23  2:05  Adept x2  
  28  2:10  Stargate  
  28  2:19  Warp Gate  
  28  2:44  Nexus  
  28  2:51  Oracle (Chrono Boost)  
  28  2:56  Pylon  
  31  3:14  Probe  
  31  3:19  Stalker x2  
  36  3:27  Probe  
  37  3:31  Shield Battery  
  37  3:34  Pylon  
  37  3:39  Probe  
  38  3:46  Twilight Council  
  38  3:51  Probe  
  39  4:00  Probe  
  40  4:03  Probe  
  41  4:10  Stalker x2  
  41  4:12  Probe  
  41  4:14  Blink (Chrono Boost)  
  41  4:15  Probe  
  47  4:24  Probe  
  47  4:27  Probe  
  49  4:37  Stalker  
  51  4:39  Stalker  
  51  4:41  Probe x2  
  55  4:47  Pylon  
  55  4:50  Gateway  
  55  4:53  Probe x2  
  57  5:01  Stalker  
  57  5:05  Stalker  
  57  5:06  Probe  
  62  5:08  Assimilator  
  62  5:15  Gateway  
  62  5:19  Probe, Pylon  
  63  5:28  Stalker x2  
  67  5:32  Pylon  
  67  5:35  Probe, Pylon  
  68  5:44  Stalker  
  70  5:56  Stalker x2  
  74  6:03  Nexus  
  74  6:07  Pylon  
  74  6:09  Stalker  
  76  6:15  Stalker  
  76  6:18  Robotics Facility  
  78  6:25  Shield Battery  
  78  6:27  Stalker  
  78  6:29  Stalker  
  82  6:37  Stalker  
  82  6:38  Probe x2  
  86  6:40  Stalker  
  88  6:50  Forge, Probe x2  
  90  6:55  Sentry x2  
  90  6:56  Pylon  
  94  7:02  Probe x2  
  92  7:20  Probe x2  
  92  7:21  Protoss Ground Weapons Level 1 (Chrono Boost), Probe, Gateway  
  95  7:22  Gateway  
  95  7:24  Gateway  
  95  7:27  Gateway  
  93  7:30  Charge  
  93  7:32  Probe  
  93  7:33  Observer (Chrono Boost), Probe  
  93  7:34  Probe  
  88  7:55  Probe x2  
  90  8:01  Observer (Chrono Boost)  
  91  8:09  Probe x3  
  94  8:21  Probe x2 (Chrono Boost)  
  94  8:22  Probe (Chrono Boost)  
  94  8:26  Zealot x8  
  113  8:33  Probe x2 (Chrono Boost)  
  116  8:37  Pylon  
  116  8:38  Templar Archives  
  116  8:39  Probe (Chrono Boost)  
  116  8:43  Probe (Chrono Boost)  
  116  8:44  Probe (Chrono Boost)  
  116  8:45  Probe  
  116  8:48  Pylon  
  119  9:01  Zealot  
  119  9:02  Zealot x6  
  133  9:07  Pylon  
  125  9:14  Zealot  
  78  9:25  Zealot x7  
  76  9:35  Zealot  
  80  9:46  Zealot, High Templar x4  
  80  9:50  Archon x2  
  80  9:51  Zealot x2  
  90  9:59  Observer  
  90  10:01  Observer  
  90  10:04  Zealot  
  88  10:07  Zealot  
  88  10:13  High Templar x2  
  94  10:18  Zealot x4  
  94  10:19  Archon  
  102  10:25  Zealot  
  102  10:28  Zealot  
  106  10:35  Nexus  
  106  10:49  Zealot x3  
  78  10:59  High Templar x2  
  78  11:00  Zealot x2  
  78  11:06  Archon  
  68  11:12  Stalker x2  
  68  11:15  Observer  
  68  11:18  Zealot x2  
  76  11:23  Shield Battery  
  76  11:27  High Templar  
  76  11:28  High Templar  
  76  11:32  Zealot, Observer  
  82  11:33  Archon  
  82  11:34  Zealot  
  82  11:38  Zealot  
  86  11:44  Zealot, Observer  
  88  11:51  Zealot  
  83  11:58  Zealot x2  
  83  12:01  Sentry  
Tags
 
Add a new tag
Caveats
  • Supply blocks, unpowered buildings, or Contaminate may cause inaccurate times.
  • Supply counts are checked every 10 seconds.